 Dungeon Crawl Stone Soup version 0.27-a0-811-ga052575696 (webtiles) character file.

Game seed: 4492786558566418450

30 Harga the Covered (level 3, -2/28 HPs)
             Began as a Palentonga Wanderer on Mar 29, 2021.
             Slain by a hobgoblin (9 damage)
             ... led by Robin
             ... on level 2 of the Dungeon.
             The game lasted 00:10:40 (460 turns).

Harga the Covered (Palentonga Wanderer)              Turns: 460, Time: 00:10:40

Health: -2/28      AC:  9    Str: 14    XL:     3   Next: 5%
Magic:  3/3        EV:  7    Int: 14    God:
Gold:   12         SH:  0    Dex:  9    Spells: 2/2 levels left

rFire    . . .     SeeInvis +   a - +0 shortbow
rCold    . . .     Faith    .   (shield currently unavailable)
rNeg     . . .     Spirit   .   b - +2 scale mail
rPois    .         Reflect  .   (no helmet)
rElec    .         Harm     .   (no cloak)
rCorr    .         Rampage  .   i - +0 pair of gloves
Will     .....                  (no barding)
Stlth    ..........             (no amulet)
HPRegen  0.09/turn              (no ring)
MPRegen  0.08/turn              (no ring)

@: no status effects
A: large, rugged brown scales 3, see invisible, deformed body, roll 1, armoured
tail
a: Rolling Charge


You were on level 2 of the Dungeon.
You visited 1 branch of the dungeon, and saw 2 of its levels.

You collected 12 gold pieces.

Inventory:

Hand Weapons
 a - a +0 shortbow (weapon)
Missiles
 c - 15 arrows (quivered ammo)
Armour
 b - a +2 scale mail (worn)
 i - a +0 pair of gloves (worn)
Jewellery
 e - an amulet of guardian spirit
Wands
 d - a wand of random effects (4)
Potions
 f - a potion of heal wounds {unknown}
 g - a potion of cancellation {unknown}
 h - a potion of lignification {unknown}
 j - a potion of magic {unknown}
 k - 2 potions of brilliance {unknown}


   Skills:
 - Level 2.2 Fighting
 - Level 2.2 Maces & Flails
 * Level 0.7 Bows
 - Level 1.2 Crossbows
 + Level 2.6 Armour
 - Level 1.2 Shields
 + Level 0.4 Spellcasting
 - Level 1.0 Evocations


You had 2 spell levels left.
You didn't know any spells.
Your spell library was empty.

Dungeon Overview and Level Annotations

Branches:
Dungeon (2/15)

Altars:

Annotations:
D:2 Robin


Innate Abilities, Weirdness & Mutations

You are completely covered in rugged brown scales. (AC +3, +7% HP)
You have supernaturally acute eyesight. (SInv)
Armour fits poorly on your strangely shaped body.
You can roll at nearby foes to attack.
You have a long armoured tail.


Message History

The goblin hits you but does no damage. x2
The goblin hits you with a +0 dagger.
The hobgoblin hits you but does no damage.
Robin says, "Bow before me, strongest of all the hobgoblins!"
Robin throws the goblin at you! The goblin hits you but does no damage.
Fire: 18 arrows
Press: ? - help, Q - select action, (/) - cycle Shift-Dir - straight line, f - goblin, p - goblin
Aim: a goblin, wielding a +0 club (45% to hit)
You shoot an arrow. The arrow hits the goblin.
You kill the goblin!
The goblin barely misses you. The goblin hits you but does no damage.
The goblin hits you with a +0 dagger. The goblin hits you but does no damage.
The hobgoblin hits you but does no damage.
The goblin hits you with a +0 dagger.
The goblin hits you but does no damage. x2
Fire: 17 arrows
Press: ? - help, Q - select action, (/) - cycle Shift-Dir - straight line, f - goblin
Aim: a goblin, wielding a +0 dagger (45% to hit)
You shoot an arrow.
The arrow hits the goblin but does no damage.
You hear a shout!
The goblin hits you with a +0 dagger.
The hobgoblin hits you but does no damage.
Robin roars a battlecry!
The goblins go into a battle-frenzy!
A goblin comes into view. It is wielding a +0 dagger.
The goblin hits you with a +0 dagger. The goblin hits you but does no damage.
The goblin hits you with a +0 dagger.
* * * LOW HITPOINT WARNING * * *
The goblin hits you but does no damage.
Fire: 16 arrows
Press: ? - help, Q - select action, (/) - cycle Shift-Dir - straight line, f/p - goblin
Aim: a goblin, wielding a +0 dagger (strong, 45% to hit)
You shoot an arrow. The arrow hits the goblin.
The goblin is heavily wounded.
The hobgoblin barely misses you.
The goblin hits you but does no damage. x2
The goblin hits you with a +0 dagger.
* * * LOW HITPOINT WARNING * * *
A kobold comes into view. It is wielding a +0 short sword.
The goblin hits you but does no damage. The hobgoblin hits you!
You die... #. #. #g# #.## ### #...#.... #<# ..#..#.#######.#####.
Kgg.................# # #gg

#...............
###.#gg##.##...###......
(..$.gg@(............###
...<..ggg..............
####...#..$....##......#
#................##.#
#.>........###.###
............# #
####.........#
.............
#...#########..


You could see Robin, 4 hobgoblins, 7 goblins and a kobold (wandering).

Vanquished Creatures
  A dart slug (D:1)
  2 ball pythons (D:1)
  A bat (D:1)
  3 endoplasms (D:1)
  3 giant cockroaches (D:1)
  4 goblins
  4 hobgoblins (D:1)
  A quokka (D:1)
  2 frilled lizards (D:1)
  A kobold (D:1)
  A rat (D:1)
23 creatures vanquished.

Notes
Turn   | Place    | Note
-------+----------+-------------------------------------------
     0 | D:1      | Harga the Palentonga Wanderer began the quest for the Orb.
     0 | D:1      | Harga set off with the following items: a +0 shortbow, a +2
                  | scale mail, 26 arrows, a wand of random effects (15)
     0 | D:1      | Reached XP level 1. HP: 17/17 MP: 1/1
   121 | D:1      | Reached XP level 2. HP: 20/23 MP: 2/2
   425 | D:1      | Reached XP level 3. HP: 23/28 MP: 3/3
   452 | D:2      | Noticed Robin
   460 | D:2      | Slain by a hobgoblin

Illustrated notes

Levels and vault maps discovered:
D:1:      minmay_arrival_glassed_features, layout_rooms
D:2:      layout_basic, uniq_robin

Action                   || total
-------------------------++-------
Melee: Shortbow          ||     1
 Fire: Shortbow          ||    66
Evoke: Wand              ||    11
Armor: Scale mail        ||    54
Dodge: Dodged            ||    21

Table legend: (Time is in decaauts)
 A = Elapsed time spent in this place.
 B = Non-inter-level travel time spent in this place.
 C = Inter-level travel time spent in this place.
 D = Time resting spent in this place.
 E = Time spent auto-exploring this place.
 F = Levels seen in this place.
 G = Mean time per level.
                   A        B        C        D        E       F      G
               +--------+--------+--------+--------+--------+-----+--------+
         Total |    479 |    479 |      0 |      0 |    132 |   2 |  239.5 |
       Dungeon |    479 |    479 |      0 |      0 |    132 |   2 |  239.5 |
               +--------+--------+--------+--------+--------+-----+--------+

Top non-repeatable levels by time:
     D:1: 461 daAuts
     D:2: 17 daAuts
